 Dungeon Crawl Stone Soup version 0.23.2-40-g277498a001 (webtiles) character file.

Game seed: 12863630867817544173

85728 RatFace the Bludgeoner (level 15, -9/141 HPs)
             Began as a Hill Orc Berserker on Sept 8, 2019.
             Was the Champion of Trog.
             Mangled by an orc warrior
             ... wielding a +0 battleaxe
              (17 damage)
             ... on level 2 of the Orcish Mines.
             The game lasted 01:16:08 (34838 turns).

RatFace the Bludgeoner (Hill Orc Berserker)        Turns: 34838, Time: 01:16:09

Health: -9/141     AC: 17    Str: 27    XL:     15   Next: 84%
Magic:  0/15       EV: 10    Int:  7    God:    Trog [******]
Gold:   811        SH:  0    Dex: 10    Spells: 14/14 levels left

rFire    . . .     SeeInvis +   b - +10 dark maul {crush}
rCold    + . .     Gourm    .   (shield currently unavailable)
rNeg     . . .     Faith    +   C - +0 plate armour
rPois    .         Spirit   +   (no helmet)
rElec    .         Reflect  .   Q - scarf {Spirit}
rCorr    .         Harm     .   (no gloves)
MR       +....                  B - +0 pair of boots
Stlth    ..........             e - amulet of faith
HPRegen  0.33/turn              K - ring of see invisible
MPRegen  0.14/turn              w - ring of protection from cold

@: lethally poisoned (-9 -> -9), berserk cooldown, slowed, very slow
A: no striking features
a: Berserk, Trog's Hand, Brothers in Arms, Renounce Religion


You were on level 2 of the Orcish Mines.
You worshipped Trog.
Trog was exalted by your worship.
You were very hungry.

You visited 3 branches of the dungeon, and saw 22 of its levels.
You visited the Abyss 1 time.
You also visited: Ice Cave.

You collected 1671 gold pieces.
You spent 860 gold pieces at shops.

Inventory:

Hand Weapons
 a - a +4 flail of crushing
 b - the +10 dark maul (weapon) {crush}
   (You bought it in a shop on level 9 of the Dungeon)

   It inflicts extra damage upon your enemies.
 y - a +3 dire flail of protection
 F - a +6 great mace of protection
 S - a +3 antimagic great mace
 T - a +0 blowgun
Missiles
 r - 65 poisoned needles
 Y - 2 throwing nets (quivered)
Armour
 B - a +0 pair of boots (worn)
 C - a +0 plate armour (worn)
 Q - a scarf of spirit shield (worn)
Jewellery
 e - an amulet of faith (around neck)
 u - an uncursed ring of teleportation
 w - a ring of protection from cold (right hand)
 z - an uncursed ring of flight
 K - a ring of see invisible (left hand)
 N - an uncursed ring of ice
Wands
 h - a wand of paralysis (8)
 o - a wand of acid (9)
 v - a wand of flame (52)
 H - a wand of random effects (14)
Scrolls
 d - 4 scrolls of enchant armour
 i - a scroll of fear
 l - a scroll of magic mapping
 m - 3 scrolls of remove curse
 s - 2 scrolls of teleportation
 x - a scroll of vulnerability
 D - a scroll of brand weapon
 J - a scroll of blinking
 M - 4 scrolls of immolation
 O - 2 scrolls of fog
 V - a scroll of enchant weapon {unknown}
 W - a scroll of summoning
Potions
 f - 4 potions of haste
 g - a potion of mutation
 j - 2 potions of lignification
 k - a potion of curing
 n - 2 potions of cancellation
 p - 3 potions of magic
 q - 5 potions of agility
 t - 5 potions of invisibility
 A - 3 potions of might
 E - a potion of flight
 I - a potion of ambrosia
 L - a potion of heal wounds
 P - 2 potions of berserk rage
Miscellaneous
 R - a lightning rod (4/4)
Comestibles
 c - 5 rations


   Skills:
 - Level 15.4 Fighting
 + Level 20.5 Maces & Flails
 + Level 12.3 Armour
 - Level 7.0 Dodging


You had 14 spell levels left.
You didn't know any spells.
Your spell library was empty.

Dungeon Overview and Level Annotations

Branches:
Dungeon (15/15)            Temple (0/1) D:4            Lair (5/6) D:8
 Shoals (0/4) Lair:4        Snake (0/4) Lair:4          Orc (2/2) D:12
    Elf (0/3) Orc:2        Vaults (0/5) D:14         Depths (0/5) D:15
  Slime: Lair:5-6

Altars:
Cheibriados
Gozag
Hepliaklqana
Nemelex Xobeh
Qazlal
Wu Jian
Yredelemnul
The Shining One

Shops:
D:9 (   D:10 (   D:11 ?   D:13 [

Annotations:
D:5 1 runed translucent door
D:6 Prince Ribbit, Sigmund
D:12 Sonja
D:14 3 runed translucent doors, NeAGen181's ghost, journeyman HOFi
Lair:1 exclusion: oklob plant
Lair:5 Nessos


Message History

* * * LOW HITPOINT WARNING * * *
The gnoll barely misses you. The gnoll hits you but does no damage.
The orc warrior barely misses you.
The orc wizard hits you but does no damage.
You flatten the orc priest like a pancake!!!!
You kill the orc priest!
Trog accepts your kill.
An orc comes into view. It is wielding a +0 trident.
The gnoll hits you but does no damage. The orc warrior barely misses you.
The gnoll misses you.
The orc wizard hits you but does no damage.
You hammer the orc wizard like a gong!!!!
You kill the orc wizard!
Trog accepts your kill.
Trog appreciates your killing of a magic user.
You are no longer berserk.
You are exhausted.
You feel yourself slow down.
You feel sick.
The orc warrior hits you with a +0 battleaxe!!
You die...

##***.#....###......#.## #######.
.# *,*.....###.......#####.......
####**,.....#.oo....###.#......o.
##.##*,....g.......###.......[o..
##..##*,*#..g....### ##.....o...#
.#...##**##..†..## #.....o.....
.#..<.## ##..gg.# ##..o....#.#
.......###....Oo### #.........##
...............o@)# ###.........#
.###...........go)###....#.....##
.##..).....###....#)..........##
#.##.[[...####...)))).##.#.#.##
..........#.##...##)(.########
..#.............##.#.##
..#............#.#####
..................#
.......####......##


You could see 2 orc warriors, an ogre, a gnoll shaman, an orc wizard, 4 gnolls
and 2 orcs.

Vanquished Creatures
  Gastronok (Orc:1)
  Louise (D:15)
  An entropy weaver (D:12)
  Azrael (D:12)
  An ettin (Orc:1)
  A yaktaur captain (D:15)
  Josephine (D:12)
  8 hydras
  Erolcha (D:11)
  2 vault guards (D:14)
  2 centaur warriors
  9 two-headed ogres
  A queen ant (D:12)
  A tengu warrior (D:13)
  An ogre mage (D:15)
  2 orc high priests (Orc:2)
  3 skeletal warriors (D:14)
  3 unseen horrors
  4 orc knights (Orc:2)
  A deep elf archer (D:14)
  3 necromancers (D:14)
  3 orc sorcerers (Orc:2)
  A deep elf mage (D:14)
  A manticore (D:15)
  A wolf spider (D:15)
  2 cyclopes (D:13)
  10 ugly things
  3 black mambas
  A merfolk siren (Lair:4)
  2 ice statues (IceCv)
  4 spiny frogs
  A torpor snail (Lair:1)
  A gargoyle (D:11)
  9 komodo dragons
  2 yaktaurs
  A rime drake (shapeshifter) (D:12)
  2 rime drakes
  3 freezing wraiths
  An ancient zyme (D:12)
  A queen bee (D:9)
  7 trolls
  11 ice devils (IceCv)
  A polar bear (Lair:4)
  A hornet (D:14)
  9 slime creatures
  19 blink frogs
  A raiju (shapeshifter) (D:15)
  7 dream sheep (Lair:4)
  A meliai zombie (D:13)
  4 hippogriffs
  28 yaks
  6 wraiths
  A vampire (D:13)
  A water elemental (D:14)
  3 wyverns
  17 humans
  3 fire elementals (D:12)
  3 basilisks
  A steam dragon (D:8)
  4 vampire mosquitoes (D:13)
  2 hungry ghosts
  Edmund (D:4)
  2 wargs (Orc:2)
  8 soldier ants
  2 nagas (Lair:4)
  An acid dragon (D:12)
  6 water moccasins
  7 porcupines
  4 hell hounds (D:12)
  25 orc warriors
  3 ice beasts
  A sky beast (D:9)
  2 black bears
  An eye of draining (D:14)
  7 ogres
  13 centaurs
  A phantom (D:12)
  5 crocodiles
  A big kobold (D:11)
  17 bullfrogs
  A gnoll sergeant (D:11)
  A water moccasin zombie (D:8)
  5 scorpions
  25 killer bees
  13 wights
  A bullfrog zombie (D:7)
  7 howler monkeys
  4 crimson imps
  4 centaur zombies
  A quasit (D:11)
  4 hounds
  6 jellies
  26 orc wizards
  20 orc priests
  A bullfrog skeleton (D:13)
  4 centaur skeletons
  4 iguanas
  29 worker ants
  Jessica (D:2)
  Natasha (thrice) (D:2)
  A hound zombie (D:9)
  3 worker ant zombies
  20 gnolls
  6 adders
  7 shadow imps
  7 white imps (IceCv)
  7 ufetubi (IceCv)
  6 oozes
  An adder skeleton (D:4)
  2 worms
  3 dart slugs
  3 leopard geckos
  89 orcs
  4 bats
  4 giant cockroaches
  2 goblins
  6 hobgoblins
  2 jackals (D:2)
  14 kobolds
  4 quokkas
  3 ball pythons
  7 frilled lizards
  11 rats
  A spectral orc (D:7)
707 creatures vanquished.

Vanquished Creatures (collateral kills)
  A reaper (IceCv)
  An entropy weaver (D:12)
  A centaur warrior (D:12)
  A death knight (D:11)
  A centaur skeleton (D:12)
  A gargoyle (D:11)
  An ice devil (IceCv)
  A slime creature (D:12)
  2 yaks (D:12)
  A wyvern (D:15)
  A soldier ant (D:12)
  A phantom (D:12)
  An orc priest (D:12)
  An orc wizard (D:12)
  A worker ant (D:12)
  An orc (D:12)
17 creatures vanquished.

Vanquished Creatures (others)
  A death yak (Lair:5)
  2 white imps (IceCv)
  2 ufetubi (IceCv)
  5 fungi
10 creatures vanquished.

Grand Total: 734 creatures vanquished

Notes
Turn   | Place    | Note
-------+----------+-------------------------------------------
     0 | D:1      | RatFace the Hill Orc Berserker began the quest for the Orb.
     0 | D:1      | Reached XP level 1. HP: 19/19 MP: 1/1
   352 | D:1      | Reached XP level 2. HP: 26/26 MP: 2/2
   383 | D:1      | Reached skill level 4 in Maces & Flails
   647 | D:2      | Found a sparkling altar of Nemelex Xobeh.
   668 | D:2      | Noticed Natasha
   693 | D:2      | Killed Natasha
   693 | D:2      | Reached skill level 5 in Maces & Flails
   693 | D:2      | Reached XP level 3. HP: 16/31 MP: 3/3
   924 | D:2      | Noticed Natasha
   939 | D:2      | Killed Natasha
   939 | D:2      | Reached XP level 4. HP: 30/39 MP: 4/4
  1130 | D:2      | Noticed Natasha
  1136 | D:2      | Killed Natasha
  1339 | D:1      | Reached skill level 6 in Maces & Flails
  1359 | D:1      | Reached XP level 5. HP: 40/45 MP: 5/5
  1452 | D:1      | Reached ** piety under Trog
  1595 | D:2      | Found a faded altar of an unknown god.
  1645 | D:2      | Noticed Jessica
  1669 | D:2      | Killed Jessica
  2385 | D:3      | Reached skill level 7 in Maces & Flails
  2385 | D:3      | Reached XP level 6. HP: 24/51 MP: 6/6
  3018 | D:3      | Found a stormy altar of Qazlal.
  3049 | D:3      | Reached skill level 8 in Maces & Flails
  3051 | D:3      | Reached *** piety under Trog
  3322 | D:3      | Reached XP level 7. HP: 47/57 MP: 7/7
  3624 | D:4      | Found a staircase to the Ecumenical Temple.
  4245 | D:4      | Reached skill level 9 in Maces & Flails
  4293 | D:4      | Noticed Edmund
  4303 | D:4      | Killed Edmund
  4355 | D:4      | Found a glowing golden altar of the Shining One.
  4498 | D:5      | Entered Level 5 of the Dungeon
  4557 | D:5      | Found a glowing golden altar of the Shining One.
  4558 | D:5      | Found a runed translucent door.
  4558 | D:5      | Noticed an angel
  4647 | D:5      | Reached skill level 10 in Maces & Flails
  4647 | D:5      | Reached XP level 8. HP: 56/64 MP: 8/8
  5224 | D:5      | Found an ornate altar of the Wu Jian Council.
  5261 | D:5      | Found a snail-covered altar of Cheibriados.
  5396 | D:6      | Noticed Sigmund
  5533 | D:6      | Noticed Prince Ribbit
  5580 | D:6      | Reached skill level 11 in Maces & Flails
  6090 | D:7      | Found a hazy altar of Hepliaklqana.
  6440 | D:7      | Reached skill level 12 in Maces & Flails
  6523 | D:7      | Found a basalt altar of Yredelemnul.
  6618 | D:8      | Reached XP level 9. HP: 45/70 MP: 9/9
  6751 | D:8      | Reached **** piety under Trog
  6953 | D:8      | Found an opulent altar of Gozag.
  7134 | D:8      | Reached skill level 13 in Maces & Flails
  8359 | D:9      | Reached skill level 14 in Maces & Flails
  8558 | D:9      | Noticed a two-headed ogre
  9064 | D:9      | Reached skill level 5 in Fighting
  9064 | D:9      | Reached XP level 10. HP: 81/81 MP: 10/10
  9336 | D:9      | Killed a two-headed ogre
  9358 | D:9      | Found Biczulov's Weapon Shoppe.
  9896 | D:10     | Entered Level 10 of the Dungeon
  9899 | D:10     | Noticed a two-headed ogre
  9909 | D:10     | Killed a two-headed ogre
 10084 | D:10     | Noticed a two-headed ogre
 10094 | D:10     | Killed a two-headed ogre
 10094 | D:10     | Reached skill level 10 in Fighting
 10136 | D:10     | Reached ***** piety under Trog
 10757 | D:10     | Reached XP level 11. HP: 95/102 MP: 8/11
 10772 | D:10     | Found Lyaf's Weapon Boutique.
 10939 | D:10     | Bought a +0 blowgun for 32 gold pieces
 11148 | D:10     | Killed an unseen horror
 11365 | D:11     | Noticed a death knight
 11621 | D:11     | Noticed a six-headed hydra
 11740 | D:11     | Killed a six-headed hydra
 11966 | D:11     | Received a gift from Trog
 13152 | D:11     | Killed a death knight
 13528 | D:12     | Found a staircase to the Orcish Mines.
 13583 | D:12     | Noticed a two-headed ogre
 13588 | D:11     | Found Vobloe Tiuwk's Magic Scroll Shop.
 13801 | D:11     | Bought a scroll of fog for 28 gold pieces
 13992 | D:11     | Noticed Erolcha
 14030 | D:11     | Killed Erolcha
 14030 | D:11     | Reached skill level 5 in Armour
 14246 | D:12     | Noticed a two-headed ogre
 14256 | D:11     | Killed a two-headed ogre
 14331 | D:12     | Killed a two-headed ogre
 14331 | D:12     | Reached XP level 12. HP: 118/118 MP: 10/12
 14393 | D:12     | Noticed Josephine
 14535 | D:12     | Killed Josephine
 14840 | D:12     | Noticed Azrael
 14852 | D:12     | Reached skill level 15 in Fighting
 14874 | D:12     | Killed Azrael
 14905 | D:12     | Noticed an entropy weaver
 14921 | D:12     | Killed an entropy weaver
 15710 | D:12     | Noticed a queen ant
 15730 | D:12     | Killed a queen ant
 16077 | D:12     | Noticed Sonja
 16167 | D:12     | Noticed an entropy weaver
 16177 | D:12     | Noticed a centaur warrior
 16203 | D:12     | Killed a centaur warrior
 16531 | D:12     | Cast into level 2 of the Abyss (Sonja)
 16541 | Abyss:2  | Noticed a starcursed mass
 16542 | Abyss:2  | Found a corrupted altar of Lugonu.
 16700 | Abyss:2  | Noticed a thrashing horror
 16714 | Abyss:2  | Noticed a tentacled starspawn
 16716 | D:12     | Escaped the Abyss
 18051 | D:11     | Reached skill level 10 in Armour
 18123 | D:12     | Reached skill level 15 in Maces & Flails
 18123 | D:12     | Reached XP level 13. HP: 113/127 MP: 6/13
 18726 | D:12     | Killed an entropy weaver
 19424 | D:8      | Found a staircase to the Lair.
 19434 | Lair:1   | Entered Level 1 of the Lair of Beasts
 19659 | Lair:1   | Found a gate leading to a gauntlet.
 20612 | Lair:1   | Reached skill level 16 in Maces & Flails
 22062 | Lair:3   | Found a frozen archway.
 22070 | IceCv    | Entered an ice cave
 22682 | IceCv    | Received a gift from Trog
 22926 | IceCv    | Noticed a reaper
 22930 | IceCv    | Killed a reaper
 23455 | Lair:3   | Reached XP level 14. HP: 121/135 MP: 11/14
 23808 | Lair:3   | Reached skill level 5 in Dodging
 24232 | Lair:4   | Reached skill level 17 in Maces & Flails
 24672 | Lair:4   | Found a staircase to the Snake Pit.
 25503 | Lair:4   | Found a staircase to the Shoals.
 25555 | Lair:5   | Received a gift from Trog
 26120 | Lair:5   | Noticed Nessos
 27707 | D:9      | Bought the +10 dark maul {crush} for 800 gold pieces
 27707 | D:9      | Found the +10 dark maul {crush}
 28941 | D:13     | Found Suan's Armour Shoppe.
 29418 | D:13     | Reached skill level 18 in Maces & Flails
 30219 | D:14     | Found a runed translucent gate.
 30220 | D:14     | Found a runed translucent gate.
 30221 | D:14     | Found a runed translucent gate.
 30223 | D:14     | Noticed NeAGen181's ghost (journeyman HOFi)
 30296 | D:14     | Received a gift from Trog
 30591 | D:14     | Reached XP level 15. HP: 113/141 MP: 10/15
 30790 | D:14     | Reached skill level 19 in Maces & Flails
 31125 | D:14     | Found a gate to the Vaults.
 31527 | D:15     | Entered Level 15 of the Dungeon
 32509 | D:15     | Noticed Louise
 32553 | D:15     | Killed Louise
 32731 | D:15     | Reached skill level 20 in Maces & Flails
 32957 | D:15     | Found a staircase to the Depths.
 33249 | Orc:1    | Entered Level 1 of the Orcish Mines
 33290 | Orc:2    | Entered Level 2 of the Orcish Mines
 34212 | Orc:1    | Noticed Gastronok
 34217 | Orc:1    | Killed Gastronok
 34473 | Orc:2    | Found a staircase to the Elven Halls.
 34734 | Orc:2    | Received a gift from Trog
 34735 | Orc:2    | Reached ****** piety under Trog
 34820 | Orc:2    | Paralysed by an orc sorcerer for 2 turns
 34838 | Orc:2    | Mangled by an orc warrior

Skill      XL: |  1  2  3  4  5  6  7  8  9 10 11 12 13 14 15 |
---------------+----------------------------------------------+-----
Maces & Flails | 5 6 7 8 10 12 14 15 16 18 20 | 20.5
Fighting       | 5 11 14 15 | 15.4
Armour         | 6 10 11 12 | 12.3
Dodging        | 4 7 |  7.0

Action                   |  1- 3 |  4- 6 |  7- 9 | 10-12 | 13-15 || total
-------------------------+-------+-------+-------+-------+-------++-------
Melee: Mace              |    69 |   227 |       |       |       ||   296
       Flail             |       |    12 |   392 |   701 |   691 ||  1796
       Maul              |       |       |       |       |   367 ||   367
Invok: Berserk           |     2 |     3 |     4 |    17 |    19 ||    45
       Trog's Hand       |       |       |     4 |     4 |     4 ||    12
       Brothers in Arms  |       |       |       |     3 |    10 ||    13
Evoke: Wand              |       |       |    18 |     5 |     3 ||    26
  Use: Scroll            |       |     4 |    11 |     2 |    17 ||    34
       Potion            |       |       |     2 |     5 |     2 ||     9
 Stab: Paralysed         |       |       |     6 |       |     2 ||     8
       Distracted        |       |       |       |     1 |     1 ||     2
  Eat: Ration            |     1 |     2 |     7 |    12 |    19 ||    41
       Chunk             |       |     3 |     1 |     8 |    11 ||    23
Armor: Animal skin       |     7 |       |       |       |       ||     7
       Chain mail        |    25 |   114 |    23 |       |       ||   162
       Scale mail        |       |       |    24 |       |       ||    24
       Plate armour      |       |       |   216 |   418 |   727 ||  1361
Dodge: Dodged            |    37 |    90 |   125 |   259 |   554 ||  1065
